 Dungeon Crawl Stone Soup version 0.28-a0-1199-gef9e1dbd39 (webtiles) character file.

Game seed: 12731845224417108800

1012 Peloso the Shield-Bearer (level 8, 0/57 (68) HPs)
             Began as a Minotaur Fighter on Dec 19, 2021.
             Slain by a wight (1 damage)
             ... on level 6 of the Dungeon.
             The game lasted 00:09:53 (5709 turns).

Peloso the Shield-Bearer (Minotaur Fighter)         Turns: 5709, Time: 00:09:53

HP:   0/57 (68)     AC: 14    Str: 20    XL:     8   Next: 1%
MP:   7/7           EV: 10    Int:  5    God:
Gold: 102           SH: 15    Dex: 13    Spells: 7/7 levels left

rFire   . . .      SeeInvis .   a - +1 long sword (freeze)
rCold   . . .      Faith    .   c - +0 kite shield
rNeg    . . .      Spirit   .   z - +7 ring mail "Byobyp" {rElec Regen+}
rPois   .          Reflect  +   (helmet restricted)
rElec   +          Harm     .   (no cloak)
rCorr   .          Rampage  .   (no gloves)
Will    .....                   m - +0 pair of boots
Stlth   +.........              f - amulet of reflection
HPRegen 0.99/turn               (no ring)
MPRegen 0.10/turn               (no ring)

@: heavily drained
A: horns 2, retaliatory headbutt
a: no special abilities


You were on level 6 of the Dungeon.
You visited 2 branches of the dungeon, and saw 7 of its levels.

You collected 245 gold pieces.
You spent 143 gold pieces at shops.

Inventory:

Hand Weapons
 a - a +1 long sword of freezing (weapon)
Armour
 b - a +0 scale mail
 c - a +0 kite shield (worn)
 m - a +0 pair of boots (worn)
 r - a +0 chain mail
 z - the +7 ring mail "Byobyp" (worn) {rElec Regen+}
   (You found it on level 5 of the Dungeon)

   rElec:     It insulates you from electricity.
   Regen:     It increases your rate of health regeneration.
Jewellery
 f - an amulet of reflection (around neck)
Wands
 n - a wand of iceblast (11)
Scrolls
 e - 2 scrolls of identify
 g - a scroll of enchant weapon
 j - 2 scrolls of magic mapping
 l - 3 scrolls of holy word {unknown}
 o - a scroll of blinking {unknown}
 p - 2 scrolls of noise {unknown}
 q - a scroll of summoning {unknown}
 u - a scroll of enchant armour {unknown}
 w - 3 scrolls of teleportation {unknown}
 x - a scroll of fear {unknown}
 y - 2 scrolls of immolation {unknown}
 B - a scroll of amnesia {unknown}
Potions
 d - 2 potions of might
 h - a potion of attraction {unknown}
 i - 3 potions of curing {unknown}
 k - 2 potions of magic {unknown}
 s - 2 potions of heal wounds {unknown}
 t - 2 potions of flight {unknown}
 v - a potion of cancellation {unknown}
 A - a potion of invisibility {unknown}


   Skills:
 + Level 5.2 Fighting
 + Level 6.3 Long Blades
 + Level 6.5 Armour
 + Level 2.3 Dodging
 + Level 0.6 Stealth
 + Level 6.7 Shields
 + Level 0.1 Evocations


You had 7 spell levels left.
You didn't know any spells.
Your spell library contained the following spells:

 Spells                   Type           Power      Damage    Failure   Level
 Sting                    Tmut/Pois      0%         1d3       94%         1
 Corpse Rot               Necr/Air       0%         N/A       98%         2
 Passwall                 Tmut/Erth      0%         N/A       98%         2
 Poisonous Vapours        Pois/Air       0%         N/A       98%         2
 Ignite Poison            Fire/Tmut/Pois 0%         N/A       100%        3
 Mephitic Cloud           Conj/Pois/Air  0%         N/A       100%        3
 Swiftness                Air            0%         N/A       100%        3
 Olgreb's Toxic Radiance  Pois           0%         N/A       100%        4
 Freezing Cloud           Conj/Ice/Air   0%         6-21      100%        5


Dungeon Overview and Level Annotations

Branches:
Dungeon (6/15)             Temple (1/1) D:5

Altars:
Ashenzari
Cheibriados
Gozag
Hepliaklqana
Kikubaaqudgha
Nemelex Xobeh
Qazlal
Sif Muna
Uskayaw
Wu Jian
Xom
Yredelemnul

Shops:
D:1 (   D:5 *[((

Annotations:
D:3 3 runed translucent doors, Gilette's ghost, amateur DsIE
D:4 3 runed translucent doors, ChaosChampion's ghost, amateur DrTm


Innate Abilities, Weirdness & Mutations

You have a pair of horns on your head.
You reflexively headbutt those who attack you in melee.


Message History

A wight is wielding a +2 great sword of freezing.
A wight comes into view. It is wielding a +0 short sword.
You block the wight's attack.
You barely miss the wight. You block the wight's attack.
You hit the wight but do no damage. You block the wight's attack.
The wight hits you with a +2 great sword of freezing.
The wight freezes you. You block the wight's attack.
You slash the wight!
The wight is severely damaged.
You block the wight's attack. x2; The wight misses you.
You hit the wight.
The wight is almost destroyed.
The wight closely misses you. You block the wight's attack. x2
You closely miss the wight.
The wight is almost destroyed.
The wight misses you. You block the wight's attack.
The wight hits you with a +2 great sword of freezing!
You feel drained. The wight freezes you.
Found 9 gold pieces.
You block the wight's attack.
The wight hits you with a +0 long sword!
You feel drained. You block the wight's attack. The wight barely misses you.
You closely miss the wight. You block the wight's attack. x2
The wight hits you but does no damage.
The wight hits you with a +3 morningstar!
You feel drained. The wight hits you but does no damage.
The wight hits you with a +0 long sword.
You block the wight's attack.
You hit the wight. You headbutt the wight.
The wight is heavily damaged.
The wight hits you with a +3 morningstar!
* * * LOW HITPOINT WARNING * * *
You feel drained.
* * * LOW HITPOINT WARNING * * *
You block the wight's attack.
The wight hits you with a +2 great sword of freezing!
* * * LOW HITPOINT WARNING * * *
You feel drained.
* * * LOW HITPOINT WARNING * * *
The wight freezes you.
You die... #.. #ggog.[.# #.. #KKKgg.. .. #..P #hggKc

#### ..♣♣ ####
###♣♣♣..P♣
#..♣♣..♣♣♣.♣P♣P..PP
#P♣P♣...P♣P.P.P..P♣
#..P....P.P......P.
#####.......zz.......
#.#............@z......
#....<...#..##z...###.
#..###########....#
.⌠.# #....... #.
#........ #.....##$
#.....# #......


You could see a hound and 4 wights.

Vanquished Creatures
  Grinder (D:4)
  An ogre (D:4)
  A phantom (D:4)
  2 scorpions (D:5)
  A howler monkey (D:4)
  2 vampire bats (D:4)
  A jelly (D:5)
  A gnoll shaman (D:4)
  A centaur skeleton (D:4)
  2 iguanas (D:5)
  Terence (D:2)
  A hound skeleton (D:5)
  Robin (D:2)
  4 adders
  7 gnolls (D:4)
  A howler monkey skeleton (D:5)
  2 adder skeletons (D:4)
  A dart slug (D:5)
  A worm (D:5)
  9 orcs
  8 ball pythons
  3 bat skeletons (D:4)
  4 bat zombies (D:4)
  3 endoplasms
  3 giant cockroaches
  11 goblins
  12 hobgoblins
  A jackal (D:3)
  3 quokkas
  4 bats
  6 frilled lizards
  5 kobolds
  3 rats
107 creatures vanquished.

Notes
Turn   | Place    | Note
-------+----------+-------------------------------------------
     0 | D:1      | Peloso the Minotaur Fighter began the quest for the Orb.
     0 | D:1      | Reached XP level 1. HP: 19/19 MP: 0/0
   282 | D:1      | Reached XP level 2. HP: 23/27 MP: 1/1
   337 | D:1      | Found Ekhixt's Weapon Shoppe.
   634 | D:1      | Found a faded altar of an unknown god.
  1172 | D:2      | Noticed Terence
  1177 | D:2      | Killed Terence
  1178 | D:2      | Reached XP level 3. HP: 23/33 MP: 2/2
  1414 | D:2      | Noticed Robin
  1432 | D:2      | Killed Robin
  1433 | D:2      | Reached XP level 4. HP: 21/40 MP: 3/3
  2254 | D:3      | Found a runed translucent gate.
  2254 | D:3      | Found a runed translucent gate.
  2254 | D:3      | Found a runed translucent gate.
  2970 | D:3      | Noticed Gilette's ghost (amateur DsIE)
  3140 | D:4      | Reached XP level 5. HP: 37/46 MP: 4/4
  3415 | D:4      | Reached skill level 1 in Dodging
  3583 | D:4      | Identified the +3 dagger of Calamity {antimagic, Str+2}
  3620 | D:4      | Noticed an ogre
  3626 | D:4      | Killed an ogre
  3627 | D:4      | Reached skill level 5 in Armour
  3628 | D:4      | Reached XP level 6. HP: 47/53 MP: 5/5
  3713 | D:4      | Found a runed translucent gate.
  3715 | D:4      | Found a runed translucent gate.
  3716 | D:4      | Found a runed translucent gate.
  3716 | D:4      | Found an opulent altar of Gozag.
  3719 | D:4      | Noticed ChaosChampion's ghost (amateur DrTm)
  3996 | D:4      | Reached skill level 5 in Long Blades
  3996 | D:4      | Reached skill level 5 in Shields
  4230 | D:4      | Found a snail-covered altar of Cheibriados.
  4418 | D:4      | Found an ancient bone altar of Kikubaaqudgha.
  4436 | D:4      | Reached XP level 7. HP: 60/60 MP: 6/6
  4486 | D:4      | Noticed Grinder
  4486 | D:4      | Paralysed by Grinder for 2 turns
  4489 | D:4      | Paralysed by Grinder for 7 turns
  4496 | D:4      | Killed Grinder
  4497 | D:4      | Reached skill level 5 in Fighting
  4828 | D:5      | Entered Level 5 of the Dungeon
  4828 | D:5      | Found Tetawkapp's Antique Armour Shop.
  4986 | D:5      | Found Vipem's Weapon Shoppe.
  5001 | D:5      | Found Xugamm's Antique Weapon Emporium.
  5015 | D:5      | Bought a runed long sword for 143 gold pieces
  5195 | D:5      | Identified the +7 ring mail "Byobyp" {rElec Regen+}
  5336 | D:5      | Found Pubi's General Store.
  5522 | D:5      | Found a staircase to the Ecumenical Temple.
  5527 | D:5      | Reached XP level 8. HP: 68/68 MP: 7/7
  5533 | Temple   | Entered the Ecumenical Temple
  5709 | D:6      | HP: 2/59 [wight (9)]
  5709 | D:6      | Slain by a wight

Illustrated notes

Levels and vault maps discovered:
D:1:      lightli_arrival_farm, layout_rooms, serial_shops,
          nicolae_shop_behind_doors, hellmonk_ecumenical_altar_arch_garden
D:2:      layout_basic, minmay_misc_feat_alley, uniq_robin, uniq_terence
D:3:      layout_loops_ring, portal_sewer_entry_d, gammafunk_ghost_icy,
          chequers_serial_rivers_micro_a, minmay_diced_spiral
D:4:      layout_basic, kennysheep_vampire_church, lemuel_tele_altar,
          ebering_ghost_gozag, dk_noncrumbling_4, uniq_grinder
D:5:      nicolae_cairo_tiling_large_dashed, layout_rooms, temple_hall,
          serial_shops, nicolae_stop_n_shop_1,
          nicolae_shop_bloodbath_and_beyond, shop, nicolae_shop_hallway_stairs,
          minmay_circle_x
D:6:      kennysheep_housing_project, layout_gridville,
          makhleb_heckhound_becter, nicolae_vehumet_radiance, elyvilon_altar_4,
          grunt_decor_mini_mirrors, grunt_ministairs_11, minmay_manual_mail,
          uniq_blork_the_orc
Temple:   compressed_dpeg_circular_temple

Skill      XL: |  1  2  3  4  5  6  7 |
---------------+----------------------+-----
Armour         | 4 5 6 |  6.5
Fighting       | 4 5 |  5.2
Shields        | 4 5 6 |  6.7
Long Blades    | 3 4 5 6 |  6.3
Dodging        | 1 2 |  2.3
Stealth        | |  0.6
Evocations     | |  0.1

Action                   |  1- 3 |  4- 6 |  7- 9 || total
-------------------------+-------+-------+-------++-------
Melee: Long sword        |    75 |   152 |    59 ||   286
       Headbutt          |     7 |    29 |    11 ||    47
Evoke: Wand              |       |       |     2 ||     2
  Use: Scroll            |       |     3 |       ||     3
Armor: Scale mail        |    50 |    52 |       ||   102
       Chain mail        |       |    62 |    20 ||    82
       Ring mail         |       |       |     4 ||     4
Dodge: Dodged            |    28 |    60 |    20 ||   108
Block: Kite shield       |    28 |   134 |    69 ||   231
       Buckler           |     1 |       |       ||     1
       Reflection        |       |       |     2 ||     2

Table legend: (Time is in decaauts)
 A = Elapsed time spent in this place.
 B = Non-inter-level travel time spent in this place.
 C = Inter-level travel time spent in this place.
 D = Time resting spent in this place.
 E = Time spent auto-exploring this place.
 F = Levels seen in this place.
 G = Mean time per level.
                   A        B        C        D        E       F      G
               +--------+--------+--------+--------+--------+-----+--------+
         Total |   5854 |   5592 |    262 |    250 |   3752 |   7 |  836.3 |
       Dungeon |   5763 |   5501 |    262 |    250 |   3686 |   6 |  960.5 |
        Temple |     90 |     90 |      0 |      0 |     66 |   1 |   90.0 |
               +--------+--------+--------+--------+--------+-----+--------+

Top non-repeatable levels by time:
     D:4: 1448 daAuts
     D:3: 1356 daAuts
     D:1: 1135 daAuts
     D:2: 1020 daAuts
     D:5: 784 daAuts
  Temple: 90 daAuts
     D:6: 19 daAuts
